 Dungeon Crawl Stone Soup version 0.24-a0-132-ge4b1dce (webtiles) character file.

Game seed: 3992503256385253676

4682 Ijustatesigmund the Cleaver (level 10, -12/141 HPs)
             Began as a Deep Dwarf Berserker on Feb 27, 2019.
             Was a Priest of Trog.
             Mangled by a meliai
             ... wielding a +2 hand axe of electrocution
              (16 damage)
             ... on level 8 of the Dungeon.
             The game lasted 00:24:00 (7860 turns).

Ijustatesigmund the Cleaver (Deep Dwarf Berserker)  Turns: 7860, Time: 00:24:01

Health: -12/141    AC: 13    Str: 26    XL:     10   Next: 21%
Magic:  14/14      EV: 12    Int:  8    God:    Trog [***...]
Gold:   159        SH:  2    Dex: 15    Spells: 9/9 levels left

rFire    + . .     SeeInvis .   a - +0 broad axe
rCold    . . .     Gourm    .   (no shield)
rNeg     + . .     Faith    .   b - +3 scale mail {rPois}
rPois    +         Spirit   .   f - +1 helmet
rElec    .         Reflect  +   (no cloak)
rCorr    .         Harm     .   (no gloves)
MR       +....                  (no boots)
Stlth    ..........             q - +2 amulet of reflection
HPRegen  0.00/turn              s - ring of positive energy
MPRegen  0.14/turn              u - ring of protection from fire

@: berserking, non-regenerating, very quick
A: damage resistance, heal wounds, sense surroundings 2, no regeneration
a: Heal Wounds, Berserk, Trog's Hand, Renounce Religion


You were on level 8 of the Dungeon.
You worshipped Trog.
Trog was most pleased with you.
You were hungry.

You visited 1 branch of the dungeon, and saw 8 of its levels.
You also visited: Sewer.

You collected 323 gold pieces.
You spent 164 gold pieces at shops.

Inventory:

Hand Weapons
 a - a +0 broad axe (weapon)
 t - a +0 morningstar
Missiles
 d - 7 javelins (quivered)
Armour
 b - a +3 scale mail of poison resistance (worn)
 f - a +1 helmet (worn)
Jewellery
 q - a +2 amulet of reflection (around neck)
 s - a ring of positive energy (left hand)
 u - a ring of protection from fire (right hand)
Wands
 o - a wand of polymorph (5)
 y - a wand of random effects (23)
Scrolls
 g - 4 scrolls of remove curse
 i - 4 scrolls of teleportation
 l - 7 scrolls of identify
 n - 2 scrolls of blinking
 p - 3 scrolls of enchant armour
Potions
 e - a potion of heal wounds
 h - a potion of berserk rage
 j - a potion of resistance
 k - 5 potions of curing
 m - 2 potions of haste
 r - a potion of lignification
 v - a potion of flight
 w - a potion of agility
Comestibles
 c - 11 rations
 x - 5 chunks of flesh


   Skills:
 + Level 7.1 Fighting
 * Level 10.0 Axes
 - Level 4.3 Throwing
 - Level 7.0 Armour
 - Level 3.0 Dodging
 - Level 7.4 Evocations


You had 9 spell levels left.
You didn't know any spells.
Your spell library was empty.

Dungeon Overview and Level Annotations

Branches:
Dungeon (8/15)             Temple (0/1) D:6
   Lair: D:8-11

Altars:
Ashenzari
Cheibriados
Elyvilon
Gozag
Hepliaklqana
Kikubaaqudgha
Makhleb
Trog
Vehumet
Xom
Yredelemnul
Zin

Shops:
D:4 ?   D:7 (


Innate Abilities, Weirdness & Mutations

You are resistant to damage.
You can heal yourself by infusing magical energy.
You passively map the area around you.
You do not regenerate.


Message History

Something smites you!
* * * LOW HITPOINT WARNING * * *
You closely miss the meliai.
The meliai is lightly wounded.
You slash the meliai!
You kill the meliai!
Trog accepts your kill.
Your Axes skill increases to level 10!
The meliai hits you with a +2 hand axe of electrocution.
* * * LOW HITPOINT WARNING * * *
You are electrocuted!!
* * * LOW HITPOINT WARNING * * *
The meliai barely misses you.
You slash the meliai!
The meliai is heavily wounded.
You barely miss the necrophage.
The meliai hits you with a +2 hand axe of electrocution!
* * * LOW HITPOINT WARNING * * *
You are electrocuted!!
You die...

,,* * ,, , *
,.....((* * , **,,
....... * , ...(...,
* , * ....... , * *
, , .?....., , ***
,....... , *,
,########n.....! * *
#....##@)...... , ,
* #._.....y..^... ,
* #.≈..≈≈≈.......,
#..≈≈≈≈≈≈......, #
##...≈≈≈.......
#.##...≈≈≈≈......,
##.#....≈≈≈.....##**
* #....⌠..≈.....###
, #.........(...#**


You could see a necrophage and a meliai.

Vanquished Creatures
  A cyclops (D:8)
  Joseph (D:7)
  2 meliai (D:8)
  Grinder (D:3)
  Prince Ribbit (D:5)
  A wyvern (D:6)
  Menkaure (D:4)
  Duvessa (D:6)
  A water moccasin (D:5)
  A porcupine (D:4)
  Purgy (Sewer)
  3 ice beasts
  An orc warrior (D:7)
  3 phantoms
  5 ogres
  2 centaurs
  A bullfrog (D:7)
  Dowan (D:6)
  3 killer bees (D:7)
  3 howler monkeys (D:7)
  A crimson imp (D:4)
  6 hounds
  6 orc priests
  3 orc wizards
  A jelly (D:7)
  2 bullfrog skeletons
  5 worker ants
  Natasha (thrice) (D:3)
  Robin (D:1)
  A river rat (D:3)
  5 adders
  A shadow imp (D:5)
  2 oozes
  An adder skeleton (D:8)
  4 worms
  A dart slug (D:4)
  2 leopard geckos
  15 orcs
  4 giant cockroaches
  8 hobgoblins
  9 jackals
  4 quokkas
  4 ball pythons
  14 bats
  5 frilled lizards
  15 goblins
  12 kobolds
  7 rats
  A spectral orc (D:3)
177 creatures vanquished.

Vanquished Creatures (others)
  An orc (D:7)
1 creature vanquished.

Grand Total: 178 creatures vanquished

Notes
Turn   | Place    | Note
-------+----------+-------------------------------------------
     0 | D:1      | Ijustatesigmund the Deep Dwarf Berserker began the quest
                  | for the Orb.
     0 | D:1      | Reached XP level 1. HP: 20/20 MP: 1/1
   132 | D:1      | Reached XP level 2. HP: 16/27 MP: 2/2
   633 | D:1      | Reached ** piety under Trog
   633 | D:1      | Reached skill level 4 in Axes
  1227 | D:2      | Reached XP level 3. HP: 17/33 MP: 3/3
  1277 | D:2      | Noticed Robin
  1360 | D:1      | Killed Robin
  1609 | D:2      | Found a shattered altar of Ashenzari.
  1631 | D:2      | Reached XP level 4. HP: 24/40 MP: 4/4
  2075 | D:3      | Noticed Natasha
  2083 | D:3      | Killed Natasha
  2121 | D:3      | Found a glowing drain.
  2132 | D:3      | Reached skill level 5 in Axes
  2172 | Sewer    | Entered a sewer
  2213 | Sewer    | Noticed Purgy
  2222 | Sewer    | Killed Purgy
  2222 | Sewer    | Reached XP level 5. HP: 50/50 MP: 5/5
  2503 | D:3      | Noticed Natasha
  2509 | D:3      | Killed Natasha
  2557 | D:3      | Noticed Grinder
  2584 | D:3      | Paralysed by Grinder for 4 turns
  2588 | D:3      | Killed Grinder
  2588 | D:3      | Reached skill level 6 in Axes
  2588 | D:3      | Reached XP level 6. HP: 38/58 MP: 6/6
  2705 | D:3      | Reached *** piety under Trog
  2756 | D:3      | Noticed Natasha
  2772 | D:3      | Killed Natasha
  2772 | D:3      | Reached XP level 7. HP: 43/66 MP: 7/7
  2822 | D:3      | Reached skill level 5 in Fighting
  3055 | D:3      | Found a bloodstained altar of Trog.
  3097 | D:3      | Found a glowing silver altar of Zin.
  3155 | D:3      | Found a basalt altar of Yredelemnul.
  3211 | D:4      | Reached skill level 7 in Axes
  3252 | D:4      | Found Dimentat's Magic Scroll Emporium.
  3260 | D:4      | Bought a scroll of blinking for 82 gold pieces
  3260 | D:4      | Bought a scroll of enchant armour for 82 gold pieces
  3290 | D:4      | Found a snail-covered altar of Cheibriados.
  3904 | D:4      | Noticed Eustachio
  3904 | D:4      | Noticed Menkaure
  3914 | D:4      | Killed Menkaure
  3968 | D:4      | Noticed Eustachio
  3968 | D:4      | Eustachio changed into Eustachio the worm
  3980 | D:4      | Killed Eustachio the worm
  4185 | D:4      | Reached skill level 8 in Axes
  4185 | D:4      | Reached XP level 8. HP: 39/76 MP: 8/8
  4527 | D:4      | Found a burning altar of Makhleb.
  4617 | D:5      | Entered Level 5 of the Dungeon
  4663 | D:5      | Reached skill level 1 in Evocations
  4686 | D:5      | Noticed Prince Ribbit
  4720 | D:5      | Killed Prince Ribbit
  5422 | D:6      | Noticed Duvessa
  5453 | D:5      | Reached skill level 1 in Throwing
  5461 | D:5      | Found a hazy altar of Hepliaklqana.
  5694 | D:6      | Killed Duvessa
  5694 | D:6      | Reached skill level 5 in Armour
  5706 | D:6      | Noticed Dowan
  5743 | D:6      | Killed Dowan
  5872 | D:6      | Reached skill level 5 in Evocations
  5884 | D:6      | Gained mutation: You passively map the area around you.
                  | [Deep Dwarf growth]
  5884 | D:6      | Reached XP level 9. HP: 51/82 MP: 10/12
  5948 | D:6      | Found a staircase to the Ecumenical Temple.
  6274 | D:6      | Found an opulent altar of Gozag.
  6476 | D:7      | Found a glowing silver altar of Zin.
  6519 | D:7      | Found a shimmering altar of Xom.
  6591 | D:7      | Found Poujouh's Antique Weapon Boutique.
  6657 | D:7      | Received a gift from Trog
  6666 | D:7      | Noticed Joseph
  6684 | D:7      | Killed Joseph
  6924 | D:7      | Found a bloodstained altar of Trog.
  6996 | D:7      | Found a white marble altar of Elyvilon.
  7291 | D:7      | Reached skill level 9 in Axes
  7640 | D:8      | Found a radiant altar of Vehumet.
  7640 | D:8      | Noticed a cyclops
  7661 | D:8      | Killed a cyclops
  7661 | D:8      | Reached XP level 10. HP: 59/92 MP: 14/14
  7834 | D:8      | Found an ancient bone altar of Kikubaaqudgha.
  7859 | D:8      | Reached skill level 10 in Axes
  7860 | D:8      | HP: 4/141 [meliai/+2 hand axe of electrocution (7)]
  7860 | D:8      | Mangled by a meliai

Levels and vault maps discovered:
D:1:      kilobyte_arrival_exit_the_forest, layout_loops_corners, serial_rivers,
          chequers_serial_rivers_small_a, chequers_serial_rivers_micro_e,
          chequers_serial_rivers_small_b, chequers_serial_rivers_micro_e,
          chequers_serial_rivers_room_b, chequers_serial_rivers_small_a
D:2:      layout_basic, old_standard_altar, minmay_tree_intersection, uniq_robin
D:3:      layout_basic, yredelemnul_forgotten_temple_becter, zin_statuary,
          portal_sewer_entry_a, lemuel_tele_altar, uniq_natasha, uniq_grinder
D:4:      layout_layer_cave, kennysheep_slug_shrine, makhleb_grotto_becter,
          serial_shops, shop, first_ration, uniq_eustachio, uniq_menkaure
D:5:      layout_basic, kennysheep_little_box, uniq_prince_ribbit1
D:6:      layout_basic, minmay_temple_entry_arrows, basic_altar, uniq_duvessa
D:7:      minmay_bubble_buster, layout_basic, brannock_xom_greatest_gift,
          kennysheep_mini_moat, marbit_many_paths, serial_shops,
          kennysheep_mini, lemuel_altar_in_water, uniq_joseph
D:8:      layout_cave_pods, vehumet_crystals, grunt_gozag_breadcrumbs,
          kiku_gazebo_pond_becter, uniq_maurice
Sewer:    sewer_big_baddie

Skill      XL: |  1  2  3  4  5  6  7  8  9 10 |
---------------+-------------------------------+-----
Axes           | 4 5 6 8 9 10 | 10.0
Armour         | 3 5 7 |  7.0
Dodging        | 3 |  3.0
Fighting       | 3 4 6 7 |  7.1
Evocations     | 5 7 |  7.4
Throwing       | 2 4 |  4.3

Action                   |  1- 3 |  4- 6 |  7- 9 | 10-12 || total
-------------------------+-------+-------+-------+-------++-------
Melee: Hand axe          |   109 |   133 |   168 |       ||   410
       War axe           |       |       |   160 |       ||   160
       Broad axe         |       |       |    71 |    21 ||    92
Throw: Javelin           |    25 |     8 |    22 |     6 ||    61
Invok: Berserk           |     2 |     4 |    11 |     2 ||    19
       Trog's Hand       |     1 |     3 |    12 |     1 ||    17
 Abil: Heal Wounds       |       |       |     3 |       ||     3
Evoke: Wand              |       |       |     9 |       ||     9
  Use: Scroll            |     4 |     5 |     6 |       ||    15
       Potion            |       |     4 |     5 |     1 ||    10
  Eat: Chunk             |     5 |     7 |    18 |     3 ||    33
       Ration            |       |       |     4 |       ||     4
Armor: Animal skin       |     3 |       |       |       ||     3
       Ring mail         |    53 |    10 |       |       ||    63
       Chain mail        |       |    46 |   128 |       ||   174
       Scale mail        |       |       |    76 |    15 ||    91
Dodge: Dodged            |    88 |    90 |   208 |    25 ||   411
Block: Other             |       |       |    11 |     2 ||    13

Table legend:
 A = Non-vault XP
 B = Vault XP
 C = Vault XP percentage of total XP
 D = Non-vault monster count
 E = Vault monster count
 F = Vault count percentage of total count
                 A         B        C        D         E       F
            +---------+---------+-------+---------+---------+-------
      Total |    4609 |    2080 |  31.1 |     134 |      43 |  24.3
            +---------+---------+-------+---------+---------+-------
        D:1 |      39 |      21 |  35.0 |      22 |       4 |  15.4
        D:2 |      39 |      15 |  27.8 |      13 |       8 |  38.1
        D:3 |     274 |     339 |  55.3 |      36 |       9 |  20.0
        D:4 |     427 |     220 |  34.0 |      14 |       4 |  22.2
        D:5 |     459 |     264 |  36.5 |      10 |       1 |   9.1
        D:6 |     572 |     230 |  28.7 |       7 |       2 |  22.2
        D:7 |    1314 |     848 |  39.2 |      21 |       9 |  30.0
        D:8 |    1485 |       0 |   0.0 |      11 |       0 |   0.0
      Sewer |       0 |     143 | 100.0 |       0 |       6 | 100.0
            +---------+---------+-------+---------+---------+-------
